 Dungeon Crawl Stone Soup version 0.26.1-11-gd32895ea62 (webtiles) character file.

Game seed: 2772722869031885631

56 Descartes the Ducker (level 3, -1/15 HPs)
             Began as a Felid Chaos Knight on May 28, 2021.
             Was a Plaything of Xom.
             Slain by a worm (4 damage)
             ... on level 2 of the Dungeon.
             The game lasted 00:04:06 (1747 turns).

Descartes the Ducker (Felid Chaos Knight)           Turns: 1747, Time: 00:04:07

Health: -1/15      AC:  3    Str:  9    XL:     3   Next: 69%
Magic:  4/4        EV: 19    Int: 13    God:    Xom [*.....]
Gold:   60         SH:  0    Dex: 15    Spells: 2/2 levels left
                                        Lives:  0   Deaths: 0

rFire    . . .     SeeInvis +     - Unarmed
rCold    . . .     Faith    .   (shield unavailable)
rNeg     . . .     Spirit   .   (armour unavailable)
rPois    .         Reflect  .   (helmet unavailable)
rElec    .         Harm     .   (cloak unavailable)
rCorr    .         Rampage  .   (gloves unavailable)
Will     .....                  (boots unavailable)
Stlth    +++.......             (no amulet)
HPRegen  0.05/turn              (no ring)
MPRegen  0.09/turn              (no ring)

@: quick
A: very small, no armour, no weapons or thrown items, stealth, claws 1, fangs 3,
molten scales 1, see invisible, speed 1, frail 1, shaggy fur 1, sharp paws
a: Renounce Religion


You were on level 2 of the Dungeon.
You worshipped Xom.
You were a special plaything of Xom.
You visited 1 branch of the dungeon, and saw 2 of its levels.

You collected 60 gold pieces.

Inventory:

Scrolls
 a - 2 scrolls of identify {unknown}
 c - 2 scrolls of teleportation {unknown}
 e - a scroll of enchant weapon {unknown}
Potions
 b - 2 potions of degeneration {unknown}
 d - a potion of haste {unknown}


   Skills:
 + Level 3.2 Fighting
 * Level 4.0 Dodging
 * Level 2.4 Stealth
 * Level 3.6 Unarmed Combat


You had 2 spell levels left.
You didn't know any spells.
Your spell library was empty.

Dungeon Overview and Level Annotations

Branches:
Dungeon (2/15)

Altars:


Innate Abilities, Weirdness & Mutations

You cannot wear armour.
You are incapable of wielding weapons or throwing items.
Your paws allow you to move quietly. (Stealth)
You have sharp claws.
You have razor-sharp teeth.
You have supernaturally acute eyesight. (SInv)
You cover ground quickly.
You are covered in fur. (AC +1)
Your sharp claws are effective at attacking unaware monsters.
You are partially covered in molten scales. (AC +2)
You are frail. (-10% HP)


Message History

You barely miss the worm. You barely miss the worm. Your bite misses the worm.
The worm completely misses you.
You scratch the worm.
The worm is lightly wounded.
The worm bites you!
Ouch! That really hurt!
* * * LOW HITPOINT WARNING * * *
A worm is nearby!
You start resting.
A worm is nearby!
You barely miss the worm. The worm closely misses you. The worm misses you.
You scratch the worm.
The worm is lightly wounded.
You claw the worm! You bite the worm, but do no damage.
The worm is heavily wounded.
The worm bites you.
You die... "This toy is broken."

############ #(# #####
#........#.# .. #.# #...#
#.##.......# #. #.# #...#
#.##.......#
#...#.###...#####.##.......#####
#...#.##........#.##............
....#.##..).###.#.##.......####.
....#.##......#.#.##.......#
................@.##.......#
..#.#.##.#....#w####.......#
###.#.##.#.####..###.......#
....................>......####.
###.#....#.#####.#..............
#.#...........†..#....########
##.#.#............#....#
##...........##....#.[w.#
........................#


You could see a worm.

Vanquished Creatures
  2 worms (D:2)
  2 dart slugs (D:1)
  2 leopard geckos
  10 bats
  9 goblins
  3 hobgoblins
  7 kobolds (D:1)
  3 frilled lizards (D:1)
  3 rats (D:1)
41 creatures vanquished.

Notes
Turn   | Place    | Note
-------+----------+-------------------------------------------
     0 | D:1      | Descartes the Felid Chaos Knight began the quest for the
                  | Orb.
     0 | D:1      | Reached XP level 1. HP: 10/10 MP: 2/2
   107 | D:1      | XOM: 8-stop teleportation journey
   164 | D:1      | XOM: butterfly on damage
   167 | D:1      | XOM: potion effect (haste)
   180 | D:1      | Reached skill level 1 in Stealth
   181 | D:1      | Reached XP level 2. HP: 6/14 MP: 3/3
   399 | D:1      | XOM: noise
   423 | D:1      | XOM: divination: magic mapping
   567 | D:1      | XOM: 3-stop teleportation journey
   626 | D:1      | XOM is BORED!
   626 | D:1      | XOM: give mutations
   626 | D:1      | Gained mutation: You are partially covered in molten
                  | scales. (AC +2) [Xom's mischief]
   626 | D:1      | Gained mutation: You are frail. (-10% HP) [Xom's mischief]
   683 | D:1      | XOM: polymorph goblin -> kobold
   694 | D:1      | XOM: fog
   873 | D:1      | XOM: 1-stop teleportation journey
   896 | D:1      | Reached XP level 3. HP: 8/15 MP: 4/4
  1111 | D:1      | XOM: 7-stop teleportation journey
  1436 | D:1      | XOM: silly message
  1666 | D:2      | XOM: noise
  1669 | D:2      | Reached skill level 4 in Dodging
  1687 | D:2      | XOM is BORED!
  1687 | D:2      | XOM: 1-stop teleportation journey
  1747 | D:2      | Slain by a worm

Illustrated notes

Levels and vault maps discovered:
D:1:      matt_arrival_diagonals, layout_basic
D:2:      layout_basic

Skill      XL: |  1  2  3 |
---------------+----------+-----
Stealth        | 1 2 |  2.4
Dodging        | 4 |  4.0
Fighting       | |  3.2
Unarmed Combat | |  3.6

Action                   || total
-------------------------++-------
Melee: Unarmed           ||   131
       Bite              ||    12
 Stab: Sleeping          ||     6
Armor: Skin              ||    11
Dodge: Dodged            ||   115
